Map: Defender's Landing LE

Players

nightknight - Winner!

  • Race: Protoss Protoss
  • League: Silver
  • Spawn Location: 1:00

Yata

  • Race: Zerg Zerg
  • League: Bronze
  • Spawn Location: 7:00

VOD

Have the link to the VOD?

Description

Time

  • Played on: July 7, 2017, 8:44 p.m.
  • Length: 12:11
Show
View Real Time Build Order
Export as new Build Order

nightknight Protoss - Winner!

Build Orders:  

Get SALT Encoding   

  12  0:01  Probe (Chrono Boost)  
  13  0:12  Probe (Chrono Boost)  
  14  0:19  Pylon  
  14  0:39  Gateway  
  14  0:43  Assimilator  
  14  0:46  Probe (Chrono Boost)  
  15  0:55  Assimilator  
  15  0:56  Probe (Chrono Boost)  
  16  1:07  Probe (Chrono Boost)  
  17  1:18  Probe (Chrono Boost)  
  18  1:28  Probe (Chrono Boost)  
  18  1:30  Cybernetics Core  
  19  1:38  Pylon  
  19  1:39  Probe (Chrono Boost)  
  20  1:49  Probe (Chrono Boost)  
  21  2:00  Probe (Chrono Boost)  
  22  2:07  Warp Gate  
  22  2:10  Probe (Chrono Boost)  
  25  2:27  Nexus  
  25  2:33  Stalker  
  25  2:50  Gateway  
  25  3:02  Mothership Core (Chrono Boost)  
  25  3:03  Adept  
  28  3:44  Probe x2 (Chrono Boost)  
  30  3:52  Adept, Stalker  
  30  3:54  Probe (Chrono Boost)  
  30  3:55  Probe (Chrono Boost)  
  36  4:03  Robotics Facility  
  36  4:05  Probe x2 (Chrono Boost)  
  38  4:16  Probe x2 (Chrono Boost)  
  40  4:26  Probe x2 (Chrono Boost)  
  40  4:29  Pylon  
  42  4:32  Pylon  
  42  4:37  Probe x2 (Chrono Boost)  
  44  4:47  Probe x2 (Chrono Boost)  
  44  4:52  Immortal  
  50  4:57  Gateway  
  50  4:58  Stalker, Probe x2 (Chrono Boost)  
  54  5:00  Adept  
  56  5:08  Gateway  
  56  5:22  Stalker  
  56  5:24  Adept  
  56  5:26  Probe (Chrono Boost)  
  61  5:38  Assimilator  
  61  5:41  Assimilator, Probe (Chrono Boost)  
  62  5:46  Pylon  
  62  5:48  Pylon  
  62  6:05  Probe x2 (Chrono Boost)  
  62  6:07  Nexus  
  64  6:13  Stalker x2  
  64  6:15  Adept x2, Probe x2 (Chrono Boost)  
  74  6:19  Immortal  
  78  6:33  Pylon  
  78  6:34  Pylon  
  78  6:36  Pylon  
  78  6:38  Pylon  
  78  6:40  Pylon  
  78  6:51  Probe (Chrono Boost)  
  79  6:58  Observer  
  80  7:04  Adept  
  80  7:05  Adept x3  
  82  7:22  Probe x3 (Chrono Boost)  
  85  7:26  Stalker  
  85  7:29  Stalker  
  89  7:30  Adept x2  
  89  7:32  Probe (Chrono Boost)  
  89  7:33  Probe x2 (Chrono Boost)  
  89  7:35  Immortal  
  100  7:43  Probe x3 (Chrono Boost)  
  103  7:53  Probe (Chrono Boost)  
  103  7:54  Probe x2 (Chrono Boost)  
  103  7:57  Stalker  
  103  7:58  Stalker  
  104  8:00  Adept x2  
  104  8:04  Probe (Chrono Boost)  
  104  8:05  Probe x2 (Chrono Boost)  
  109  8:27  Gateway  
  109  8:29  Gateway  
  109  8:32  Gateway  
  109  8:33  Gateway  
  109  8:38  Robotics Facility  
  95  8:43  Pylon  
  95  8:47  Pylon  
  87  8:49  Stalker  
  87  8:50  Stalker  
  87  8:51  Adept x2  
  87  8:52  Robotics Bay  
  95  8:57  Immortal  
  79  9:18  Stalker x3  
  79  9:19  Stalker  
  87  9:29  Immortal  
  91  9:36  Immortal  
  95  9:48  Stalker x3  
  95  9:49  Stalker x2  
  105  10:03  Pylon  
  105  10:06  Pylon  
  105  10:08  Immortal  
  109  10:17  Colossus  
  115  10:23  Zealot x2  
  115  10:24  Zealot x4  
  115  10:25  Zealot x2  
  131  10:36  Probe (Chrono Boost)  
  131  10:37  Probe x2 (Chrono Boost)  
  130  10:45  Zealot x4  
  130  10:46  Zealot x3  
  130  10:47  Probe x3 (Chrono Boost)  
  130  10:48  Zealot  
  140  10:57  Probe (Chrono Boost)  
  140  10:58  Probe x2 (Chrono Boost)  
  143  11:08  Probe x3 (Chrono Boost)  
  143  11:10  Zealot x5  
  143  11:11  Zealot  
  151  11:18  Probe (Chrono Boost)  
  151  11:19  Probe x2 (Chrono Boost)  
  151  11:35  Zealot  
  151  11:36  Zealot x5  
  151  11:37  Zealot  
  163  12:02  Stalker  
  163  12:03  Stalker  
Show
View Real Time Build Order
Export as new Build Order

Yata Zerg 

Build Orders: Hatch First 

Get SALT Encoding   

  12  0:01  Drone  
  13  0:12  Overlord  
  13  0:21  Drone  
  14  0:39  Drone x3  
  17  0:55  Hatchery  
  16  0:59  Drone  
  16  1:03  Drone  
  18  1:08  Extractor  
  17  1:21  Spawning Pool  
  17  1:22  Drone  
  17  1:29  Drone  
  18  1:33  Drone  
  19  1:44  Overlord  
  19  1:56  Drone  
  20  2:07  Queen  
  22  2:12  Queen  
  24  2:16  Zergling x2  
  24  2:17  Zergling x2  
  26  2:27  Drone  
  26  2:28  Drone x2  
  29  2:31  Drone  
  30  2:52  Lair  
  30  2:58  Hatchery, Drone x2  
  31  3:10  Drone x4  
  34  3:42  Pneumatized Carapace  
  34  4:02  Extractor  
  33  4:04  Extractor  
  33  4:05  Extractor  
  31  4:10  Hydralisk Den  
  31  4:12  Queen  
  32  4:18  Drone  
  32  4:20  Overlord x3  
  33  4:41  Metabolic Boost  
  33  4:55  Drone x2  
  33  4:56  Drone x4  
  33  4:57  Drone x4  
  43  5:12  Spire  
  42  5:26  Drone x2  
  42  5:27  Drone x6  
  42  5:28  Overlord x4, Drone  
  51  5:42  Hydralisk  
  50  5:43  Hydralisk x3  
  50  5:49  Hydralisk x2  
  62  5:50  Hydralisk x2  
  66  6:02  Overseer  
  66  6:03  Overseer  
  66  6:09  Overlord x3  
  66  6:12  Hydralisk  
  66  6:13  Hydralisk x2  
  72  6:26  Muscular Augments  
  72  6:39  Hydralisk  
  72  6:40  Hydralisk x2  
  78  6:57  Evolution Chamber  
  71  7:13  Drone  
  72  7:18  Zergling x26  
  72  7:19  Zergling x2  
  86  7:25  Baneling Nest  
  85  7:36  Zerg Missile Weapons Level 1  
  65  8:04  Hydralisk  
  65  8:05  Hydralisk x15  
  81  8:26  Zergling x2  
  82  8:27  Zergling x10  
  62  9:15  Hydralisk  
  62  9:16  Hydralisk x14  
  82  9:46  Hydralisk x6  
  93  9:56  Zergling x2  
  93  9:57  Zergling x8  
  98  10:03  Zerg Melee Weapons Level 1  
  98  10:10  Overlord x3  
  98  10:11  Overlord x3  
  98  10:28  Queen  
  75  10:58  Mutalisk  
  75  10:59  Mutalisk x6  
  73  11:16  Zergling x24  
  73  11:17  Zergling x2  
  66  11:42  Zergling x2  
  66  11:43  Zergling x8  
Tags
 
Matchup
PvZ
Replay Pack
Pack 1
Spawn Locations
Cross Positions
Add a new tag
Caveats
  • Supply blocks, unpowered buildings, or Contaminate may cause inaccurate times.
  • Supply counts are checked every 10 seconds.